 Dungeon Crawl Stone Soup version 0.29.0-4-gdea44cf6ec (webtiles) character file.

Game seed: 17864663498710762198

22587 qw the Cleaver (level 13, -3/84 HPs)
             Began as a Gargoyle Berserker on Sept 6, 2022.
             Was a Priest of Trog.
             Slain by a six-headed hydra (8 damage)
             ... on level 4 of the Lair of Beasts.
             The game lasted 00:04:43 (15175 turns).

qw the Cleaver (Gargoyle Berserker)                Turns: 15175, Time: 00:04:43

Health: -3/84      AC: 29    Str: 30    XL:     13   Next: 1%
Magic:  13/13      EV:  8    Int: 10    God:    Trog [***...]
Gold:   560        SH:  5    Dex:  9    Spells: 12/12 levels left

rFire   . . .      SeeInvis .   i - +0 morningstar
rCold   . . .      Faith    .   (no shield)
rNeg    + . .      Spirit   .   j - +0 plate armour
rPois   inf        Reflect  +   (no helmet)
rElec   +          Harm     .   n - +0 cloak
rCorr   .          Rampage  .   g - +1 pair of gloves
Will    .....                   o - +0 pair of boots
Stlth   ..........              f - amulet of reflection
HPRegen 0.24/turn               l - +4 ring of slaying {mikee}
MPRegen 0.13/turn               c - +6 ring of strength

@: on berserk cooldown, slowed, very slow
A: sickness immunity, AC +9, negative energy resistance 1, electricity
resistance, torment resistance 1, petrification resistance
a: Renounce Religion, Berserk, Trog's Hand


You were on level 4 of the Lair of Beasts.
You worshipped Trog.
Trog was most pleased with you.
You visited 2 branches of the dungeon, and saw 13 of its levels.

You collected 749 gold pieces.
You spent 189 gold pieces at shops.


Innate Abilities, Weirdness & Mutations

You are immune to sickness and miasma.
Your stone body is resilient. (AC +9)
You are immune to poison.
You resist negative energy. (rN+)
You are resistant to electric shocks. (rElec)
You are resistant to unholy torment.
You are immune to petrification.


   Skills:
 - Level 11.0 Fighting
 + Level 14.9 Axes
 - Level 4.1 Throwing
 - Level 10.1 Armour
 - Level 2.6 Dodging


You had 12 spell levels left.
You didn't know any spells.
Your spell library was empty.

Inventory:

Hand Weapons
 e - the +10 mace of the Spider Nest {protect, rF+ Str+4 Stlth-}
   (You found it on level 3 of the Lair of Beasts)

   It grants its wielder temporary protection when it strikes (+7 to AC).
   Str:       It affects your strength (+4).
   rF:        It protects you from fire.
   Stlth:     It makes you less stealthy.
 i - a +0 morningstar (weapon)
 Y - a +1 broad axe of freezing
Missiles
 m - a javelin
 q - 9 boomerangs (quivered)
Armour
 g - a +1 pair of gloves (worn)
 j - a +0 plate armour (worn)
 k - a +1 chain mail of fire resistance
 n - a +0 cloak (worn)
 o - a +0 pair of boots (worn)
Jewellery
 c - a +6 ring of strength (right hand)
 f - an amulet of reflection (around neck)
 l - a +4 ring of slaying (left hand) {mikee}
Scrolls
 a - 2 scrolls of identify
 b - 2 scrolls of teleportation
Potions
 d - 4 potions of might
 h - 9 potions of curing
 p - a potion of mutation

Dungeon Overview and Level Annotations

Branches:
Dungeon (9/15)             Temple (0/1) D:6            Lair (4/5) D:9
 Shoals (0/4) Lair:2       Spider (0/4) Lair:3        Slime (0/5) Lair:4
    Orc: D:9-12

Altars:
Elyvilon
Fedhas
Makhleb
Okawaru
Sif Muna
Uskayaw
Vehumet
Jiyva

Shops:
D:4 (   D:7 ?

Annotations:
D:5 1 runed translucent door, Crazy Yiuf


Message History

The blink frog hits you but does no damage.
You block the six-headed hydra's attack.
The six-headed hydra bites you but does no damage. x3
The six-headed hydra bites you.
The six-headed hydra bites you but does no damage.
15172 ||| INVOKING Brothers in Arms.
Your black bear goes berserk!
You can no longer call in reinforcements.
The blink frog barely misses you.
The six-headed hydra bites you but does no damage. x5
The six-headed hydra closely misses you.
You block the blink frog's attack.
15173 ||| SWAPPING to +0 morningstar.
Your +1 broad axe of freezing stops glowing.
i - a +0 morningstar (weapon)
The blink frog blinks!
The six-headed hydra bites you but does no damage.
The six-headed hydra barely misses you. x4
The six-headed hydra bites you but does no damage.
Your unstable footing causes you to fumble your attack.
The six-headed hydra barely misses you.
The six-headed hydra closely misses you.
The six-headed hydra bites you but does no damage.
The six-headed hydra bites you.
You block the six-headed hydra's attack.
The six-headed hydra closely misses you.
15175 ||| Stepping ~*~*~tactically~*~*~ (water).
The blink frog barely misses you.
Your black bear barely misses the six-headed hydra. x2
Your black bear splashes around in the water.
You block the blink frog's attack. The six-headed hydra bites you.
The six-headed hydra closely misses you.
The six-headed hydra bites you!
The six-headed hydra closely misses you.
You block the six-headed hydra's attack.
The six-headed hydra bites you!
Your black bear splashes around in the water.
Your black bear claws the six-headed hydra! x2
The blink frog closely misses you. The six-headed hydra bites you!
You die...

... # 7.7 # 7.7 # #
#####7.7##### ####### 7.7
77....7.7....77#...%.#
..7..77.~~~~~~~~~~~.77.777%#
.......~~~~~~~~~~~~~...7 7..
7.~~FDh~~~~~~.77.777.#
77...@7.7....77#.....#
############# ####### #. ##


You could see a six-headed hydra (ally target), a blink frog and a friendly
black bear (summoned, berserk).

Vanquished Creatures
  Fannar (Lair:1)
  A lindwurm (Lair:4)
  10 elephants (Lair:2)
  A black mamba (Lair:3)
  A torpor snail (Lair:4)
  Joseph (D:7)
  13 cane toads
  A merfolk siren (Lair:2)
  A rime drake (Lair:1)
  Maggie (D:6)
  3 komodo dragons (Lair:3)
  A polar bear (Lair:4)
  A hornet (D:6)
  2 merfolk (Lair:2)
  9 blink frogs
  4 wyverns
  14 yaks
  A shadow (D:9)
  Eustachio (D:6)
  3 basilisks
  Menkaure (D:4)
  2 redbacks (Lair:3)
  A steam dragon (D:8)
  Edmund (D:6)
  12 water moccasins
  An acid dragon (D:8)
  Duvessa (D:4)
  A sky beast (D:6)
  A black bear (Lair:1)
  2 ice beasts (D:7)
  3 orc warriors
  6 wolves (Lair:3)
  A centaur (D:7)
  A phantom (D:5)
  A necrophage (D:7)
  13 bullfrogs
  6 scorpions
  3 wights (D:9)
  Dowan (D:4)
  6 killer bees (D:9)
  2 howler monkeys (D:8)
  7 orc priests
  A gnoll bouda (D:6)
  5 hounds
  A jelly (D:6)
  6 iguanas
  10 orc wizards
  9 gnolls
  11 adders
  2 shadow imps
  A white imp (D:7)
  5 worms
  21 orcs
  9 endoplasms
  12 giant cockroaches
  6 goblins
  8 hobgoblins
  3 jackals (D:3)
  5 quokkas
  11 ball pythons
  5 bats
  2 frilled lizards
  6 kobolds
  6 rats
288 creatures vanquished.

Vanquished Creatures (others)
  12 fungi
  15 plants
27 creatures vanquished.

Grand Total: 315 creatures vanquished

Notes
Turn   | Place    | Note
-------+----------+-------------------------------------------
     0 | D:1      | qw the Gargoyle Berserker began the quest for the Orb.
     0 | D:1      | Reached XP level 1. HP: 14/14 MP: 1/1
     0 | D:1      | 0 ||| qw: Version: 0.1-a-107-g9ff403c
     0 | D:1      | 0 ||| qw: Game counter: 6055
     0 | D:1      | 0 ||| qw: Always use a shield: true
     0 | D:1      | 0 ||| qw: Do Orc after D:15 true
     0 | D:1      | 0 ||| qw: Do second Lair branch before Depths: true
     0 | D:1      | 0 ||| qw: Lair rune preference: random
     0 | D:1      | 0 ||| qw: Plans: Normal
     0 | D:1      | 0 ||| PLANNING D:1-11
    73 | D:1      | 73 ||| Stepping ~*~*~tactically~*~*~ (stealth).
   214 | D:1      | Reached skill level 3 in Axes
   230 | D:1      | 230 ||| INVOKING Berserk.
   339 | D:1      | 339 ||| Stepping ~*~*~tactically~*~*~ (stealth).
   342 | D:1      | 342 ||| Stepping ~*~*~tactically~*~*~ (stealth).
   347 | D:1      | Reached XP level 2. HP: 15/19 MP: 2/2
   421 | D:1      | Found a faded altar of an unknown god.
   855 | D:1      | 855 ||| UPGRADING to +0 leather armour.
   887 | D:1      | 887 ||| DROPPING +0 animal skin.
   888 | D:1      | 888 ||| DROPPING scarf of harm.
   954 | D:1      | 954 ||| UPGRADING to +0 scale mail of cold resistance.
   964 | D:1      | 964 ||| DROPPING +0 leather armour.
  1029 | D:1      | Reached ** piety under Trog
  1186 | D:1      | Reached XP level 3. HP: 23/23 MP: 3/3
  1343 | D:1      | 1343 ||| UPGRADING to amulet of reflection.
  1348 | D:1      | 1348 ||| DROPPING amulet of the acrobat.
  1349 | D:1      | 1349 ||| READING 2 scrolls labelled EKKUSO VONKOCE.
  1350 | D:1      | 1350 ||| DRINKING 3 puce potions.
  1351 | D:1      | 1351 ||| DRINKING 2 emerald potions.
  1407 | D:2      | 1407 ||| SWAPPING to +1 hand axe of freezing.
  1408 | D:2      | 1408 ||| DROPPING +0 hand axe.
  1438 | D:2      | Identified the +3 mace of a Labyrinth {speed, Int+3 Dex+3}
  1440 | D:2      | 1440 ||| DROPPING +0 club.
  1513 | D:2      | 1513 ||| INVOKING Berserk.
  1515 | D:2      | Reached skill level 4 in Axes
  1521 | D:2      | HP: 5/23 [gnoll/+0 club (7)]
  1522 | D:2      | 1522 ||| DRINKING 2 potions of heal wounds.
  1528 | D:2      | Reached XP level 4. HP: 19/28 MP: 4/4
  1533 | D:2      | HP: 6/28 [gnoll/+0 halberd (4)]
  1534 | D:2      | 1534 ||| DRINKING potion of heal wounds.
  1611 | D:2      | 1611 ||| Stepping ~*~*~tactically~*~*~ (stealth).
  1924 | D:2      | 1924 ||| Stepping ~*~*~tactically~*~*~ (stealth).
  1925 | D:2      | 1925 ||| Stepping ~*~*~tactically~*~*~ (stealth).
  2004 | D:2      | Reached skill level 5 in Axes
  2027 | D:2      | Reached XP level 5. HP: 32/32 MP: 5/5
  2228 | D:2      | 2228 ||| UPGRADING to +0 plate armour.
  2238 | D:2      | 2238 ||| DROPPING +0 scale mail of cold resistance.
  2239 | D:2      | 2239 ||| READING scroll labelled MEFAED GIONIDGH.
  2240 | D:2      | 2240 ||| READING scroll labelled JARUCI MISMO.
  2341 | D:2      | 2341 ||| READING scroll labelled FAXOTT NIWN.
  2342 | D:2      | 2342 ||| READING scroll labelled NAELUN GECWYON.
  2343 | D:2      | 2343 ||| READING 2 scrolls of identify.
  2343 | D:2      | 2343 ||| IDENTIFYING yellow potion
  2344 | D:2      | 2344 ||| DROPPING potion of lignification.
  2696 | D:3      | 2696 ||| Stepping ~*~*~tactically~*~*~ (hiding).
  2700 | D:3      | 2700 ||| Stepping ~*~*~tactically~*~*~ (hiding).
  2703 | D:3      | 2703 ||| INVOKING Berserk.
  2705 | D:3      | Reached skill level 3 in Armour
  2712 | D:3      | 2712 ||| Stepping ~*~*~tactically~*~*~ (stealth).
  2765 | D:3      | 2765 ||| DROPPING +3 mace of a Labyrinth {speed, Int+3
                  | Dex+3}.
  2862 | D:3      | 2862 ||| Stepping ~*~*~tactically~*~*~ (stealth).
  3177 | D:3      | 3177 ||| UPGRADING to +0 pair of gloves.
  3182 | D:3      | 3182 ||| READING scroll labelled TEEMEGHIJOER.
  3183 | D:3      | 3183 ||| READING scroll labelled YLEZICKIMU.
  3186 | D:3      | 3186 ||| READING scroll labelled UGGUFA FAUNEUH.
  3218 | D:4      | Reached XP level 6. HP: 38/38 MP: 6/6
  3234 | D:4      | 3234 ||| Stepping ~*~*~tactically~*~*~ (stealth).
  3422 | D:4      | Noticed Dowan
  3422 | D:4      | Noticed Duvessa
  3423 | D:4      | 3423 ||| Stepping ~*~*~tactically~*~*~ (hiding).
  3424 | D:4      | 3424 ||| Stepping ~*~*~tactically~*~*~ (hiding).
  3429 | D:4      | 3429 ||| INVOKING Berserk.
  3437 | D:4      | Killed Dowan
  3446 | D:4      | 3446 ||| FLEEEEING.
  3447 | D:4      | 3447 ||| FLEEEEING.
  3449 | D:4      | 3449 ||| STAIRDANCE
  3524 | D:3      | 3524 ||| READING scroll labelled ZUAC SAMEGILE.
  3527 | D:4      | 3527 ||| INVOKING Berserk.
  3532 | D:4      | HP: 8/57 [Duvessa/+0 short sword (9)]
  3535 | D:4      | Killed Duvessa
  3536 | D:4      | Reached skill level 6 in Axes
  3536 | D:4      | 3536 ||| STAIRDANCE
  4013 | D:4      | 4013 ||| SWAPPING to +0 war axe.
  4014 | D:4      | 4014 ||| DROPPING +2 hand axe of freezing.
  4063 | D:4      | Reached XP level 7. HP: 43/43 MP: 7/7
  4088 | D:4      | Found Luaceos's Weapon Shoppe.
  4093 | D:4      | Reached *** piety under Trog
  4130 | D:4      | Noticed Menkaure
  4131 | D:4      | 4131 ||| Stepping ~*~*~tactically~*~*~ (hiding).
  4137 | D:4      | 4137 ||| INVOKING Berserk.
  4143 | D:4      | Killed Menkaure
  4671 | D:4      | 4671 ||| UPGRADING to +4 ring of slaying {mikee}.
  4672 | D:4      | 4672 ||| READING scroll labelled LAUDOS TAOXOLO.
  4673 | D:4      | 4673 ||| READING scroll labelled FUIB SOBIO.
  4725 | D:5      | Entered Level 5 of the Dungeon
  4771 | D:5      | 4771 ||| DROPPING +1 war axe of venom.
  4801 | D:5      | Found a burning altar of Makhleb.
  4813 | D:5      | Reached skill level 7 in Axes
  4923 | D:5      | 4923 ||| SWAPPING to +0 broad axe.
  4924 | D:5      | 4924 ||| DROPPING +0 war axe of protection.
  5237 | D:5      | Found a runed translucent door.
  5238 | D:5      | Noticed Crazy Yiuf
  5275 | D:5      | Reached XP level 8. HP: 49/49 MP: 8/8
  5291 | D:5      | 5291 ||| READING scroll of brand weapon.
  5291 | D:5      | 5291 ||| BRANDING +0 broad axe.
  5352 | D:5      | 5352 ||| READING scroll of enchant armour.
  5352 | D:5      | 5352 ||| ENCHANTING +0 pair of gloves.
  5453 | D:5      | 5453 ||| UPGRADING to +0 cloak.
  5458 | D:5      | 5458 ||| DROPPING scarf of harm.
  5459 | D:5      | 5459 ||| READING scroll labelled UNYALA ETONTERR.
  5460 | D:5      | 5460 ||| READING scroll labelled FEVUSMEOTE.
  5461 | D:5      | 5461 ||| DRINKING 2 metallic white potions.
  5462 | D:5      | 5462 ||| DROPPING potion of magic.
  5496 | D:6      | 5496 ||| STAIRDANCE
  5564 | D:6      | 5564 ||| INVOKING Berserk.
  5567 | D:6      | 5567 ||| STAIRDANCE
  5798 | D:6      | Found a staircase to the Ecumenical Temple.
  5800 | D:6      | Noticed Eustachio
  5802 | D:6      | 5802 ||| INVOKING Berserk.
  5809 | D:6      | Found a blossoming altar of Fedhas.
  5833 | D:6      | HP: 10/49 [orc priest/divine providence (9)]
  5834 | D:6      | 5834 ||| READING scroll of teleportation.
  5835 | D:6      | 5835 ||| DRINKING 3 potions of heal wounds.
  5838 | D:6      | Noticed Maggie
  5850 | D:6      | HP: 11/49 [Maggie/bolt of fire (11)]
  5851 | D:6      | 5851 ||| DRINKING 2 potions of heal wounds.
  5857 | D:6      | Killed Maggie
  5858 | D:6      | Reached skill level 8 in Axes
  6000 | D:6      | 6000 ||| Stepping ~*~*~tactically~*~*~ (stealth).
  6021 | D:6      | 6021 ||| INVOKING Berserk.
  6025 | D:6      | Killed Eustachio
  6192 | D:6      | 6192 ||| READING scroll of brand weapon.
  6192 | D:6      | 6192 ||| BRANDING +0 broad axe of venom.
  6258 | D:6      | Reached skill level 6 in Fighting
  6268 | D:6      | Reached XP level 9. HP: 55/55 MP: 9/9
  6310 | D:6      | Found a radiant altar of Vehumet.
  6313 | D:6      | Found a shimmering blue altar of Sif Muna.
  6316 | D:6      | Found a white marble altar of Elyvilon.
  6323 | D:6      | Found a hide-covered altar of Uskayaw.
  6360 | D:6      | Reached skill level 9 in Axes
  6467 | D:6      | Identified the +6 mace of Ismucucw {flame, rPois rF- rC-
                  | Int+9}
  6480 | D:6      | Noticed a hornet
  6481 | D:6      | 6481 ||| Stepping ~*~*~tactically~*~*~ (stealth).
  6484 | D:6      | 6484 ||| Stepping ~*~*~tactically~*~*~ (stealth).
  6486 | D:6      | 6486 ||| INVOKING Berserk.
  6498 | D:6      | Killed a hornet
  6499 | D:6      | Reached skill level 6 in Armour
  6629 | D:6      | 6629 ||| INVOKING Berserk.
  6897 | D:6      | Reached skill level 1 in Throwing
  6911 | D:6      | 6911 ||| Stepping ~*~*~tactically~*~*~ (hiding).
  6917 | D:6      | Noticed Edmund
  6918 | D:6      | 6918 ||| INVOKING Berserk.
  6924 | D:6      | Killed Edmund
  7124 | D:6      | 7124 ||| READING scroll labelled TOANTE XEZXIOT.
  7125 | D:6      | 7125 ||| DRINKING 2 fizzy inky potions.
  7230 | D:6      | 7230 ||| DROPPING potion of berserk rage.
  7289 | D:7      | Found Tathe's Magic Scroll Boutique.
  7331 | D:7      | 7331 ||| BUYING scroll of enchant weapon (105 gold).
  7331 | D:7      | Bought a scroll of enchant weapon for 105 gold pieces
  7331 | D:7      | 7331 ||| BUYING scroll of identify (28 gold).
  7331 | D:7      | Bought a scroll of identify for 28 gold pieces
  7331 | D:7      | 7331 ||| BUYING scroll of identify (28 gold).
  7331 | D:7      | Bought a scroll of identify for 28 gold pieces
  7331 | D:7      | 7331 ||| BUYING scroll of identify (28 gold).
  7331 | D:7      | Bought a scroll of identify for 28 gold pieces
  7331 | D:7      | 7331 ||| READING scroll of enchant weapon.
  7331 | D:7      | 7331 ||| ENCHANTING +0 broad axe of freezing.
  7337 | D:7      | 7337 ||| INVOKING Berserk.
  7389 | D:7      | 7389 ||| Stepping ~*~*~tactically~*~*~ (stealth).
  7390 | D:7      | 7390 ||| Stepping ~*~*~tactically~*~*~ (stealth).
  7391 | D:7      | 7391 ||| Stepping ~*~*~tactically~*~*~ (stealth).
  7392 | D:7      | 7392 ||| Stepping ~*~*~tactically~*~*~ (stealth).
  7393 | D:7      | 7393 ||| Stepping ~*~*~tactically~*~*~ (stealth).
  7455 | D:7      | 7455 ||| INVOKING Berserk.
  7458 | D:7      | Reached skill level 10 in Axes
  7750 | D:7      | Reached XP level 10. HP: 64/64 MP: 10/10
  7808 | D:7      | Noticed Joseph
  7820 | D:7      | Killed Joseph
  7982 | D:7      | 7982 ||| UPGRADING to +6 ring of strength.
  7983 | D:7      | 7983 ||| READING scroll labelled HYIDUTHAROW.
  7984 | D:7      | 7984 ||| DRINKING 2 fizzy clear potions.
  7985 | D:7      | 7985 ||| READING 4 scrolls of identify.
  7985 | D:7      | 7985 ||| IDENTIFYING sapphire potion
  7986 | D:7      | 7986 ||| READING 3 scrolls of identify.
  7986 | D:7      | 7986 ||| IDENTIFYING coppery potion
  7987 | D:7      | 7987 ||| READING 2 scrolls of identify.
  7987 | D:7      | 7987 ||| IDENTIFYING red potion
  7988 | D:7      | 7988 ||| DROPPING potion of degeneration.
  7989 | D:7      | 7989 ||| DROPPING potion of attraction.
  7990 | D:7      | 7990 ||| DROPPING potion of invisibility.
  8146 | D:8      | 8146 ||| Stepping ~*~*~tactically~*~*~ (hiding).
  8153 | D:8      | Reached **** piety under Trog
  8155 | D:8      | 8155 ||| FLEEEEING.
  8161 | D:8      | 8161 ||| FLEEEEING.
  8162 | D:8      | 8162 ||| FLEEEEING.
  8163 | D:8      | 8163 ||| FLEEEEING.
  8164 | D:8      | 8164 ||| FLEEEEING.
  8165 | D:8      | 8165 ||| FLEEEEING.
  8169 | D:8      | 8169 ||| FLEEEEING.
  8171 | D:8      | 8171 ||| FLEEEEING.
  8172 | D:8      | 8172 ||| FLEEEEING.
  8173 | D:8      | 8173 ||| FLEEEEING.
  8174 | D:8      | 8174 ||| FLEEEEING.
  8175 | D:8      | 8175 ||| Stepping ~*~*~tactically~*~*~ (cloud).
  8177 | D:8      | 8177 ||| Stepping ~*~*~tactically~*~*~ (hiding).
  8180 | D:8      | 8180 ||| Stepping ~*~*~tactically~*~*~ (cloud).
  8184 | D:8      | 8184 ||| INVOKING Berserk.
  8400 | D:8      | 8400 ||| Stepping ~*~*~tactically~*~*~ (hiding).
  8615 | D:8      | 8615 ||| DROPPING amulet of faith.
  8651 | D:9      | 8651 ||| DRINKING 8 potions of curing.
  8651 | D:9      | 8651 ||| (to cure confusion)
  8654 | D:9      | 8654 ||| INVOKING Berserk.
  8828 | D:9      | 8828 ||| Stepping ~*~*~tactically~*~*~ (stealth).
  8829 | D:9      | 8829 ||| Stepping ~*~*~tactically~*~*~ (stealth).
  8893 | D:9      | Found an iron altar of Okawaru.
  9204 | D:9      | 9204 ||| Stepping ~*~*~tactically~*~*~ (stealth).
  9206 | D:9      | 9206 ||| Stepping ~*~*~tactically~*~*~ (hiding).
  9210 | D:9      | 9210 ||| INVOKING Berserk.
  9385 | D:9      | Found a staircase to the Lair.
  9506 | D:9      | 9506 ||| PLANNING LAIR
  9506 | D:9      | 9506 ||| READING 2 scrolls of identify.
  9506 | D:9      | 9506 ||| IDENTIFYING pink potion
  9507 | D:9      | 9507 ||| DROPPING potion of flight.
  9563 | Lair:1   | Entered Level 1 of the Lair of Beasts
  9568 | Lair:1   | 9568 ||| INVOKING Berserk.
  9570 | Lair:1   | Reached skill level 11 in Axes
  9572 | Lair:1   | Noticed a cane toad
  9581 | Lair:1   | Killed a cane toad
  9582 | Lair:1   | Reached skill level 9 in Fighting
  9777 | Lair:1   | 9777 ||| INVOKING Berserk.
  9781 | Lair:1   | Reached XP level 11. HP: 71/71 MP: 11/11
  9793 | Lair:1   | Reached skill level 12 in Axes
  9940 | Lair:1   | 9940 ||| INVOKING Berserk.
 10090 | Lair:1   | Noticed Fannar
 10116 | Lair:1   | Killed Fannar
 10117 | Lair:1   | Reached skill level 3 in Throwing
 10454 | Lair:1   | 10454 ||| INVOKING Berserk.
 10991 | Lair:2   | 10991 ||| Stepping ~*~*~tactically~*~*~ (hiding).
 11139 | Lair:2   | 11139 ||| Stepping ~*~*~tactically~*~*~ (stealth).
 11161 | Lair:2   | 11161 ||| INVOKING Berserk.
 11404 | Lair:2   | Reached skill level 13 in Axes
 11445 | Lair:2   | 11445 ||| Stepping ~*~*~tactically~*~*~ (stealth).
 11446 | Lair:2   | 11446 ||| Stepping ~*~*~tactically~*~*~ (stealth).
 11449 | Lair:2   | 11449 ||| Stepping ~*~*~tactically~*~*~ (stealth).
 11619 | Lair:2   | 11619 ||| INVOKING Berserk.
 11623 | Lair:2   | Reached skill level 9 in Armour
 11773 | Lair:2   | 11773 ||| INVOKING Berserk.
 11776 | Lair:2   | Reached XP level 12. HP: 77/77 MP: 12/12
 11978 | Lair:2   | Found a staircase to the Shoals.
 11982 | Lair:2   | 11982 ||| Stepping ~*~*~tactically~*~*~ (water).
 11988 | Lair:2   | HP: 19/77 [merfolk/+0 trident (7)]
 11989 | Lair:2   | 11989 ||| READING 2 scrolls of teleportation.
 11990 | Lair:2   | 11990 ||| DRINKING potion of heal wounds.
 12592 | Lair:2   | 12592 ||| READING scroll labelled PEBBOIJYCHUDAU.
 12663 | Lair:2   | 12663 ||| READING 2 scrolls of identify.
 12663 | Lair:2   | 12663 ||| IDENTIFYING lumpy purple potion
 12664 | Lair:2   | 12664 ||| DROPPING potion of brilliance.
 12776 | Lair:3   | 12776 ||| Stepping ~*~*~tactically~*~*~ (stealth).
 12777 | Lair:3   | 12777 ||| Stepping ~*~*~tactically~*~*~ (stealth).
 12787 | Lair:3   | Reached skill level 14 in Axes
 12888 | Lair:3   | 12888 ||| Stepping ~*~*~tactically~*~*~ (hiding).
 12889 | Lair:3   | 12889 ||| Stepping ~*~*~tactically~*~*~ (hiding).
 13012 | Lair:3   | 13012 ||| Stepping ~*~*~tactically~*~*~ (stealth).
 13047 | Lair:3   | Found a hole to the Spider Nest.
 13218 | Lair:3   | 13218 ||| INVOKING Berserk.
 13777 | Lair:3   | Identified the +10 mace of the Spider Nest {protect, rF+
                  | Str+4 Stlth-}
 14229 | Lair:4   | 14229 ||| Stepping ~*~*~tactically~*~*~ (stealth).
 14240 | Lair:4   | 14240 ||| INVOKING Berserk.
 14345 | Lair:4   | Found a viscous altar of Jiyva.
 14346 | Lair:4   | Found a staircase to the Slime Pits.
 14376 | Lair:4   | Identified the +0 robe "Busaob" {Regen+ Dex+4}
 14656 | Lair:4   | 14656 ||| INVOKING Berserk.
 14760 | Lair:4   | 14760 ||| Stepping ~*~*~tactically~*~*~ (stealth).
 14775 | Lair:4   | 14775 ||| INVOKING Berserk.
 14795 | Lair:4   | 14795 ||| FLEEEEING.
 14796 | Lair:4   | 14796 ||| FLEEEEING.
 14803 | Lair:4   | 14803 ||| FLEEEEING.
 14804 | Lair:4   | 14804 ||| FLEEEEING.
 14805 | Lair:4   | 14805 ||| FLEEEEING.
 14806 | Lair:4   | 14806 ||| FLEEEEING.
 14807 | Lair:4   | 14807 ||| FLEEEEING.
 14808 | Lair:4   | 14808 ||| FLEEEEING.
 14809 | Lair:4   | 14809 ||| FLEEEEING.
 14810 | Lair:4   | 14810 ||| FLEEEEING.
 14811 | Lair:4   | 14811 ||| FLEEEEING.
 14812 | Lair:4   | 14812 ||| FLEEEEING.
 14813 | Lair:4   | 14813 ||| FLEEEEING.
 14814 | Lair:4   | 14814 ||| FLEEEEING.
 14815 | Lair:4   | 14815 ||| FLEEEEING.
 14816 | Lair:4   | 14816 ||| FLEEEEING.
 14818 | Lair:4   | 14818 ||| FLEEEEING.
 14819 | Lair:4   | 14819 ||| FLEEEEING.
 14820 | Lair:4   | 14820 ||| FLEEEEING.
 14821 | Lair:4   | 14821 ||| FLEEEEING.
 14822 | Lair:4   | 14822 ||| FLEEEEING.
 14823 | Lair:4   | 14823 ||| FLEEEEING.
 14824 | Lair:4   | 14824 ||| FLEEEEING.
 14825 | Lair:4   | 14825 ||| FLEEEEING.
 14826 | Lair:4   | 14826 ||| FLEEEEING.
 14827 | Lair:4   | 14827 ||| FLEEEEING.
 14828 | Lair:4   | 14828 ||| FLEEEEING.
 14829 | Lair:4   | 14829 ||| FLEEEEING.
 14830 | Lair:4   | 14830 ||| FLEEEEING.
 14831 | Lair:4   | 14831 ||| FLEEEEING.
 14832 | Lair:4   | 14832 ||| FLEEEEING.
 14833 | Lair:4   | 14833 ||| FLEEEEING.
 14834 | Lair:4   | 14834 ||| FLEEEEING.
 14835 | Lair:4   | 14835 ||| FLEEEEING.
 14836 | Lair:4   | 14836 ||| FLEEEEING.
 14837 | Lair:4   | 14837 ||| FLEEEEING.
 14838 | Lair:4   | 14838 ||| FLEEEEING.
 14839 | Lair:4   | 14839 ||| FLEEEEING.
 14840 | Lair:4   | 14840 ||| FLEEEEING.
 14841 | Lair:4   | 14841 ||| FLEEEEING.
 14842 | Lair:4   | 14842 ||| FLEEEEING.
 14843 | Lair:4   | 14843 ||| FLEEEEING.
 14844 | Lair:4   | 14844 ||| STAIRDANCE
 14846 | Lair:3   | 14846 ||| UPGRADING to +0 pair of boots.
 14853 | Lair:4   | 14853 ||| INVOKING Berserk.
 14883 | Lair:4   | 14883 ||| STAIRDANCE
 15078 | Lair:4   | 15078 ||| Stepping ~*~*~tactically~*~*~ (hiding).
 15082 | Lair:4   | 15082 ||| INVOKING Berserk.
 15150 | Lair:4   | 15150 ||| INVOKING Berserk.
 15157 | Lair:4   | Noticed a six-headed hydra
 15164 | Lair:4   | Reached XP level 13. HP: 84/84 MP: 13/13
 15165 | Lair:4   | 15165 ||| INVOKING Brothers in Arms.
 15166 | Lair:4   | 15166 ||| INVOKING Brothers in Arms.
 15167 | Lair:4   | 15167 ||| INVOKING Brothers in Arms.
 15168 | Lair:4   | 15168 ||| INVOKING Brothers in Arms.
 15169 | Lair:4   | 15169 ||| INVOKING Brothers in Arms.
 15170 | Lair:4   | 15170 ||| INVOKING Brothers in Arms.
 15171 | Lair:4   | 15171 ||| INVOKING Brothers in Arms.
 15172 | Lair:4   | 15172 ||| INVOKING Brothers in Arms.
 15173 | Lair:4   | 15173 ||| SWAPPING to +0 morningstar.
 15175 | Lair:4   | 15175 ||| Stepping ~*~*~tactically~*~*~ (water).
 15175 | Lair:4   | HP: 20/84 [six-headed hydra (5)]
 15175 | Lair:4   | HP: 5/84 [six-headed hydra (8)]
 15175 | Lair:4   | Slain by a six-headed hydra

Levels and vault maps discovered:
D:1:      amcnicky_arrival_flooded_fountain, layout_basic, serial_corexii_hall,
          corexii_hall_statues_s, chequers_hall_statues_corner_a,
          basic_ecumenical_altar, nicolae_concentric_dashed_squares_wild
D:2:      layout_loops_ring, serial_park_tiny_pond, minmay_worlds_worst_comb
D:3:      layout_basic
D:4:      wad_river_or_something, layout_loops_corners, serial_shops,
          nicolae_shop_stone, uniq_duvessa, uniq_menkaure
D:5:      layout_gridville, amcnicky_altar_gilded, st_stairs_11,
          serial_bayou_pond_a, uniq_crazy_yiuf_cottage
D:6:      layout_cave_pods, grunt_temple_overflow_cloverleaf,
          mainiacjoe_overflow_brackets, minmay_temple_entry_proselytizer,
          supply_closet_lemuel, minmay_splitting_lines, uniq_edmund,
          uniq_eustachio, uniq_maggie
D:7:      layout_rooms, serial_shops, shop, uniq_joseph
D:8:      layout_loops_ring
D:9:      layout_long_grid, mainiacjoe_overflow_chevrons, lair_entry_dummy,
          serial_glass, glass_columns_a, glass_columns_b, glass_columns_a,
          glass_columns_a, glass_columns_a, glass_columns_a, glass_columns_b,
          glass_columns_a, glass_columns_b, glass_columns_a, feat_on_display,
          item_on_display_a, due_unseen_surprise, minmay_strange_pillars
Lair:1:   layout_hall_layers, uniq_fannar
Lair:2:   layout_roguey, elwin_shoals_entry_stream, minmay_lair_oklob_items
Lair:3:   layout_cave_pods, spider_nest_entry_webs, beast_lair_carwin_9,
          infiniplex_staircase_pool_2
Lair:4:   nzn_winding_woodlands_large [nzn_winding_woodlands_5x5_open_star,
          nzn_winding_woodlands_5x15_split_checker,
          nzn_winding_woodlands_5x5_checkerboard,
          nzn_winding_woodlands_center_triple_pond,
          nzn_winding_woodlands_15x15_eel_pit,
          nzn_winding_woodlands_center_pierced_h,
          nzn_winding_woodlands_hourglass,
          nzn_winding_woodlands_5x15_river_crossing,
          nzn_winding_woodlands_5x5_perimeter], layout_layer_cave,
          dpeg_slime_entry_enclosed, minmay_lindwurm_lava

Skill      XL: |  1  2  3  4  5  6  7  8  9 10 11 12 |
---------------+-------------------------------------+-----
Axes           | 3 4 5 6 7 8 10 11 13 14 | 14.9
Armour         | 3 4 5 6 8 9 10 | 10.1
Fighting       | 4 5 6 8 9 10 11 | 11.0
Throwing       | 1 2 3 4 |  4.1
Dodging        | 2 |  2.6

Action                   |  1- 3 |  4- 6 |  7- 9 | 10-12 | 13-15 || total
-------------------------+-------+-------+-------+-------+-------++-------
Melee: Hand axe          |    86 |   202 |       |       |       ||   288
       Punch             |       |     2 |     6 |     7 |       ||    15
       War axe           |       |     5 |    43 |       |       ||    48
       Broad axe         |       |       |   159 |   350 |       ||   509
       Morningstar       |       |       |       |       |     1 ||     1
Throw: Boomerang         |       |       |    17 |    49 |       ||    66
       Javelin           |       |       |       |    30 |       ||    30
Invok: Berserk           |     2 |     3 |     9 |    17 |       ||    31
       Brothers in Arms  |       |       |       |       |     2 ||     2
  Use: Potion            |     3 |     1 |     4 |     3 |       ||    11
       Scroll            |     1 |     9 |    10 |     8 |       ||    28
Armor: Animal skin       |    17 |       |       |       |       ||    17
       Leather armour    |     3 |       |       |       |       ||     3
       Scale mail        |    11 |    24 |       |       |       ||    35
       Skin              |     2 |       |       |       |       ||     2
       Plate armour      |       |    65 |   125 |   194 |    36 ||   420
Dodge: Dodged            |    65 |    57 |    59 |    84 |    30 ||   295
Block: Other             |    10 |    37 |    27 |    58 |     9 ||   141

Table legend:
 A = Non-vault XP
 B = Vault XP
 C = Vault XP percentage of total XP
 D = Non-vault monster count
 E = Vault monster count
 F = Vault count percentage of total count
                 A         B        C        D         E       F
            +---------+---------+-------+---------+---------+-------
      Total |   24115 |    8153 |  25.3 |     242 |      46 |  16.0
            +---------+---------+-------+---------+---------+-------
        D:1 |      36 |       0 |   0.0 |      23 |       0 |   0.0
        D:2 |     142 |      14 |   9.0 |      24 |       7 |  22.6
        D:3 |     103 |       0 |   0.0 |      24 |       0 |   0.0
        D:4 |      98 |     513 |  84.0 |      12 |      12 |  50.0
        D:5 |     326 |      96 |  22.7 |       7 |       3 |  30.0
        D:6 |    1371 |     778 |  36.2 |      33 |       4 |  10.8
        D:7 |    1291 |     423 |  24.7 |      18 |       1 |   5.3
        D:8 |     604 |       0 |   0.0 |       9 |       0 |   0.0
        D:9 |    1178 |       0 |   0.0 |      18 |       0 |   0.0
     Lair:1 |    5301 |     883 |  14.3 |      23 |       1 |   4.2
     Lair:2 |    7641 |     955 |  11.1 |      22 |       3 |  12.0
     Lair:3 |    3938 |    2016 |  33.9 |      20 |       8 |  28.6
     Lair:4 |    2086 |    2475 |  54.3 |       9 |       7 |  43.8
            +---------+---------+-------+---------+---------+-------
